 Dungeon Crawl Stone Soup version 0.26.0-3-g156281e41b (webtiles) character file.

Game seed: 8079322378836133519

159 Descartes the Skirmisher (level 5, -14/43 HPs)
             Began as a Formicid Abyssal Knight on Jan 9, 2021.
             Was a Follower of Lugonu.
             Demolished by an ogre
             ... wielding a +0 giant club
              (15 damage)
             ... on level 4 of the Dungeon.
             The game lasted 00:04:32 (1033 turns).

Descartes the Skirmisher (Formicid Abyssal Knight)  Turns: 1033, Time: 00:04:32

Health: -14/43     AC:  6    Str: 17    XL:     5   Next: 68%
Magic:  7/7        EV: 10    Int: 12    God:    Lugonu [*.....]
Gold:   35         SH:  0    Dex: 10    Spells: 4/4 levels left

rFire    + . .     SeeInvis +   a - +1 falchion
rCold    + . .     Faith    .   (no shield)
rNeg     . . .     Spirit   .   e - +0 scale mail
rPois    +         Reflect  .   (helmet unavailable)
rElec    +         Harm     .   (no cloak)
rCorr    +         Rampage  .   (no gloves)
Will     .....                  (no boots)
Stlth    +.........             (no amulet)
HPRegen  0.14/turn              m - ring of stealth
MPRegen  0.10/turn              (no ring)

@: mighty, resistant
A: permanent stasis, dig shafts and tunnels, four strong arms, antennae 3
a: Dig, Shaft Self, Renounce Religion, Depart the Abyss


You were on level 4 of the Dungeon.
You worshipped Lugonu.
Lugonu was aware of your devotion.
You visited 1 branch of the dungeon, and saw 3 of its levels.
You visited the Abyss 1 time.

You collected 35 gold pieces.

Inventory:

Hand Weapons
 a - a +1 falchion (weapon)
Missiles
 g - 39 stones
 n - 20 poisoned darts
Armour
 e - a +0 scale mail (worn)
Jewellery
 m - a ring of stealth (left hand)
Scrolls
 b - a scroll of immolation {unknown}
 c - a scroll of remove curse {unknown}
 d - 2 scrolls of identify {unknown}
 i - 2 scrolls of teleportation {unknown}
 k - a scroll of blinking {unknown}
 l - a scroll of random uselessness {unknown}
 o - a scroll of amnesia {unknown}
 p - a scroll of enchant armour {unknown}
Potions
 h - a potion of resistance


   Skills:
 + Level 4.9 Fighting
 - Level 3.0 Long Blades
 + Level 3.0 Armour
 + Level 1.4 Dodging
 + Level 3.0 Invocations


You had 4 spell levels left.
You didn't know any spells.
Your spell library was empty.

Dungeon Overview and Level Annotations

Branches:
Dungeon (2/15)

Altars:


Innate Abilities, Weirdness & Mutations

You cannot be hasted, slowed, berserked, paralysed or teleported.
You can dig through walls and to a lower floor.
Your four strong arms can wield two-handed weapons with a shield.
You have a pair of large antennae on your head. (SInv)


Message History

You feel sick.
You feel sick.
You feel sick.
You feel sick.
You feel sick.
An orc comes into view. It is wielding a +0 club.
Your transformation is almost over.
You feel sick.
You feel sick.
An ogre comes into view. It is wielding a +0 giant club.
You feel sick.
You feel less wooden.
Your +0 scale mail unmelds from your body.
An orc comes into view. It is wielding a +0 mace.
The orc shouts!
* * * LOW HITPOINT WARNING * * *
You feel sick.
You are no longer poisoned.
The ogre hits you with a +0 giant club!
You die...

### {
####@#
#.#O##
B.{####...#
#.....###
#.....o##
#s....#
...>..
#.... #....


You could see an ogre and an orc.

Vanquished Creatures
  A bullfrog (D:4)
  A scorpion (D:4)
  A worker ant (D:4)
  An ooze (D:1)
  A leopard gecko (D:4)
  A goblin (D:1)
  4 hobgoblins (D:1)
  2 bats (D:1)
  4 kobolds (D:1)
  4 rats (D:1)
20 creatures vanquished.

Vanquished Creatures (others)
  4 tentacles (Abyss:3)
4 creatures vanquished.

Grand Total: 24 creatures vanquished

Notes
Turn   | Place    | Note
-------+----------+-------------------------------------------
     0 | Abyss:1  | Descartes the Formicid Abyssal Knight began the quest for
                  | the Orb.
     0 | Abyss:1  | Reached XP level 1. HP: 18/18 MP: 2/2
    19 | Abyss:3  | Found a corrupted altar of Lugonu.
    19 | Abyss:3  | Noticed a kraken
    36 | Abyss:3  | Noticed a spatial maelstrom
    41 | Abyss:3  | Noticed a spatial vortex
    42 | Abyss:3  | Noticed a spatial vortex
    42 | Abyss:3  | Noticed a spatial vortex
    43 | D:1      | Escaped the Abyss
   101 | D:1      | Reached XP level 2. HP: 18/24 MP: 3/3
   582 | D:1      | Reached ** piety under Lugonu
   841 | D:1      | Reached XP level 3. HP: 30/30 MP: 4/4
   972 | D:2      | You fall into a shaft and drop 2 floors!
   973 | D:4      | Noticed a scorpion
   974 | D:4      | Noticed a bullfrog
   990 | D:4      | Killed a bullfrog
   991 | D:4      | Reached skill level 4 in Fighting
   991 | D:4      | Reached skill level 1 in Dodging
   991 | D:4      | Reached XP level 4. HP: 26/38 MP: 5/5
  1000 | D:4      | Reached XP level 5. HP: 8/43 MP: 5/7
  1015 | D:4      | HP: 3/64 [poisoned by a worker ant]
  1021 | D:4      | HP: 2/64 [poisoned by a worker ant]
  1026 | D:4      | Noticed an ogre
  1029 | D:4      | HP: 2/64 [poisoned by a worker ant]
  1033 | D:4      | Demolished by an ogre

Illustrated notes

Levels and vault maps discovered:
D:1:      mrwooster_arrival_statue_3, layout_basic, amcnicky_mini_pool_small
D:2:      mumra_celtic_spiral_tile, layout_loops_ring
D:4:      layout_rooms, gammafunk_temple_overflow_statue

Skill      XL: |  1  2  3  4  5 |
---------------+----------------+-----
Fighting       | 4 |  4.9
Long Blades    | 3 |  3.0
Dodging        | 1 |  1.4
Armour         | 3 |  3.0
Invocations    | 3 |  3.0

Action                   |  1- 3 |  4- 6 || total
-------------------------+-------+-------++-------
Melee: Falchion          |    57 |     8 ||    65
  Use: Potion            |       |     3 ||     3
Armor: Scale mail        |    25 |     2 ||    27
Dodge: Dodged            |    41 |     4 ||    45
       Rpst.: Falchion   |    12 |     3 ||    15
